 Dungeon Crawl Stone Soup version 0.29-a0-551-gffc1d7fb78 (webtiles) character file.

Game seed: 2336949602175449890

2 xian the Conjurer (level 1, -4/13 HPs)
             Began as a Demonspawn Conjurer on June 6, 2022.
             Frozen to death by an endoplasm (5 damage)
             ... on level 1 of the Dungeon.
             The game lasted 00:00:34 (67 turns).

xian the Conjurer (Demonspawn Conjurer)               Turns: 67, Time: 00:00:34

Health: -4/13      AC:  2    Str:  7    XL:     1   Next: 25%
Magic:  2/3        EV: 12    Int: 19    God:
Gold:   0          SH:  0    Dex: 11    Spells: 3/4 levels left

rFire   . . .      SeeInvis .   d - +0 whip (freeze)
rCold   . . .      Faith    .   (no shield)
rNeg    . . .      Spirit   .   a - +0 robe
rPois   .          Reflect  .   (no helmet)
rElec   .          Harm     .   (no cloak)
rCorr   .          Rampage  .   (no gloves)
Will    .....                   (no boots)
Stlth   ++........              (no amulet)
HPRegen 0.04/turn               (no ring)
MPRegen 0.08/turn               (no ring)

@: no status effects
A: no striking features
a: no special abilities


You were on level 1 of the Dungeon.
You visited 1 branch of the dungeon, and saw 1 of its levels.

Inventory:

Hand Weapons
 d - a +0 whip of freezing (weapon)
Armour
 a - a +0 robe (worn)
Scrolls
 c - a scroll of immolation {unknown}
Potions
 b - a potion of magic


   Skills:
 + Level 1.7 Dodging
 + Level 1.7 Stealth
 + Level 2.0 Spellcasting
 + Level 4.1 Conjurations


You had 3 spell levels left.
You knew the following spells:

 Your Spells              Type           Power      Damage    Failure   Level
a - Magic Dart            Conj           68%        1d6       3%          1

Your spell library contained the following spells:

 Spells                   Type           Power      Damage    Failure   Level
 Searing Ray              Conj           34%        2d5       4%          2
 Dazzling Flash           Conj/Hex       18%        N/A       22%         3
 Fulminant Prism          Conj/Hex       4%         3d6       58%         4
 Iskenderun's Mystic Bla  Conj/Tloc      9%         2d4       58%         4


Dungeon Overview and Level Annotations

Branches:
Dungeon (1/15)

Altars:


Message History

The magic dart hits the jackal.
The jackal is almost dead.
The jackal bites you but does no damage.
An endoplasm comes into view.
The magic dart hits the jackal.
You kill the jackal!
The jackal barks!
The endoplasm quivers.
You hear a bark!
You are too depleted to draw on your mana recklessly!
The dart slug launches a dart at you. The slug dart hits you.
You hit the jackal but do no damage. The jackal bites you.
Found a golden potion.
The jackal bites you. The jackal attacks as you move away!
The jackal closely misses you.
You miss the jackal. The jackal barely misses you. x2
You hit the jackal but do no damage.
The jackal bites you but does no damage.
The jackal closely misses you.
The jackal bites you but does no damage.
The jackal barely misses you. The jackal attacks as you move away!
The jackal misses you.
The jackal bites you but does no damage.
The jackal bites you. The jackal attacks as you move away!
The jackal barely misses you. The endoplasm attacks as you move away!
The endoplasm hits you.
You see here a +0 whip of freezing.
d - a +0 whip of freezing The jackal closely misses you.
The jackal barely misses you. The endoplasm freezes you.
You are frozen.
* * * LOW HITPOINT WARNING * * *
Unknown command.
Your +0 whip of freezing glows with a cold blue light!
d - a +0 whip of freezing (weapon)
Unknown command.
You closely miss the jackal. The jackal barely misses you.
The endoplasm freezes you.
You are frozen.
You die...

#.# .# #.##.#
#.##.###########
###.##..##÷..÷...#
#.......##÷..<÷..#
#.!.....##..÷..÷.#
#..†....##..÷#÷.÷#
#..@h...##..÷#÷.÷#
#...J...##..÷#÷..#
######...#.÷.>..÷#
#...##÷###÷##..
##..##'###+##..
#......#......
#.####.#...>.. #..
#.#......
##.###....#...


You could see an endoplasm and a jackal.

Vanquished Creatures
  A jackal (D:1)
  A frilled lizard (D:1)
2 creatures vanquished.

Notes
Turn   | Place    | Note
-------+----------+-------------------------------------------
     0 | D:1      | xian the Demonspawn Conjurer began the quest for the Orb.
     0 | D:1      | Reached XP level 1. HP: 13/13 MP: 3/3
    67 | D:1      | Frozen to death by an endoplasm

Illustrated notes

Levels and vault maps discovered:
D:1:      heliophobic_arrival_battle_scene, layout_rooms,
          ebering_ecumenical_altar_abandoned, minmay_split_cup_small

Action                   || total
-------------------------++-------
Melee: Unarmed           ||     3
       Whip              ||     1
 Cast: Magic Dart        ||     4
Armor: Robe              ||     5
Dodge: Dodged            ||    13

Table legend: (Time is in decaauts)
 A = Elapsed time spent in this place.
 B = Non-inter-level travel time spent in this place.
 C = Inter-level travel time spent in this place.
 D = Time resting spent in this place.
 E = Time spent auto-exploring this place.
 F = Levels seen in this place.
 G = Mean time per level.
                   A        B        C        D        E       F      G
               +--------+--------+--------+--------+--------+-----+--------+
         Total |     66 |     66 |      0 |      0 |     26 |   1 |   66.0 |
       Dungeon |     66 |     66 |      0 |      0 |     26 |   1 |   66.0 |
               +--------+--------+--------+--------+--------+-----+--------+

Top non-repeatable levels by time:
     D:1: 66 daAuts
